 Dungeon Crawl Stone Soup version 0.31-a0-167-g1c394c0614 (webtiles) character file.

Game seed: 4729594287748917646

126 qw the Shooter (level 5, -11/32 HPs)
             Began as a Gargoyle Hunter on June 14, 2023.
             Mangled by an ogre
             ... wielding a +0 giant spiked club
              (21 damage)
             ... on level 3 of the Dungeon.
             The game lasted 00:00:49 (1819 turns).

qw the Shooter (Gargoyle Hunter)                    Turns: 1819, Time: 00:00:50

Health: -11/32     AC: 10    Str: 15    XL:     5   Next: 9%
Magic:  5/5        EV: 11    Int:  9    God:
Gold:   171        SH:  0    Dex: 15    Spells: 4/4 levels left

rFire   . . .        Y - +0 shortbow
rCold   . . .        (shield currently unavailable)
rNeg    + . .        b - +0 ring mail
rPois   inf          f - +0 helmet
rElec   +            (no cloak)
rCorr   .            (no gloves)
SInv    .            (no boots)
Will    .....        (no amulet)
Stlth   +            (no ring)
HPRegen 0.25/turn    (no ring)
MPRegen 0.09/turn

%: no passive effects
@: no status effects
A: sickness immunity, AC +4, negative energy resistance 1, electricity
resistance, torment resistance 1, petrification resistance
a: no special abilities


You were on level 3 of the Dungeon.
You visited 1 branch of the dungeon, and saw 3 of its levels.

You collected 171 gold pieces.


Innate Abilities, Weirdness & Mutations

You are immune to sickness and miasma.
Your stone body is resilient. (AC +4)
You are immune to poison.
You resist negative energy. (rN+)
You are resistant to electric shocks. (rElec)
You are resistant to unholy torment.
You are immune to petrification.


   Skills:
 - Level 3.2 Fighting
 + Level 5.4 Ranged Weapons
 - Level 1.9 Armour
 - Level 1.5 Dodging
 - Level 1.1 Stealth


You had 4 spell levels left.
You didn't know any spells.
Your spell library was empty.

Inventory:

Hand Weapons
 Y - a +0 shortbow (weapon)
Armour
 b - a +0 ring mail (worn)
 f - a +0 helmet (worn)
 i - a +0 pair of gloves
Jewellery
 e - the ring "Urass" {rPois Will- MP+9 Int+6 Dex+2}
   (You found it on level 3 of the Dungeon)

   [ring of intelligence]

   Int:       It affects your intelligence (+6).
   Dex:       It affects your dexterity (+2).
   rPois:     It protects you from poison.
   MP:        It affects your magic capacity (+9).
   Will:      It decreases your willpower.
Scrolls
 a - 2 scrolls of fear {unknown}
 h - a scroll of revelation {unknown}
 j - a scroll of blinking {unknown}
 k - a scroll of immolation {unknown}
Potions
 c - a potion of lignification {unknown}
 d - a potion of might {unknown}
 g - 2 potions of enlightenment {unknown}

Dungeon Overview and Level Annotations

Branches:
Dungeon (3/15)

Altars:

Shops:
D:3 (


Message History

You kill the dart slug!
Found a stone staircase leading down.
Enter note:
Enter note:
Enter note:
Enter note:
Enter note:
Enter note: An ogre comes into view. It is wielding a +0 giant spiked club.
The ogre shouts!
Enter note:
Enter note:
Enter note:
Enter note:
Enter note:
Enter note: You shoot an arrow.
The arrow barely misses the ogre.
The ogre closely misses you.
You shoot an arrow.
The arrow hits the ogre but does no damage.
The ogre misses you.
You shoot an arrow. The arrow hits the ogre.
The ogre is lightly wounded.
The ogre barely misses you.
You shoot an arrow. The arrow hits the ogre!
The ogre is heavily wounded.
The ogre closely misses you.
You shoot an arrow. The arrow hits the ogre.
The ogre is severely wounded.
You shoot an arrow. The arrow hits the ogre.
The ogre is severely wounded.
The ogre closely misses you.
You shoot an arrow. The arrow barely misses the ogre.
The ogre hits you with a +0 giant spiked club!!
Ouch! That really hurt!
You shoot an arrow. The arrow hits the ogre.
The ogre is almost dead.
The ogre hits you with a +0 giant spiked club!!
Ouch! That really hurt!
You die...

..[......###.# .#
.............# .#
^......##.#######
_......##.#.....# .
..#######.......#
.. . ###.....# #...
######.#### ...#
.........####..###.
...........@.......
........####O..####
........# ..>....
........# #######
......... ####.....
#.... #....


You could see an ogre.

Vanquished Creatures
  Jessica (D:3)
  Robin (D:3)
  2 adders (D:2)
  2 dart slugs
  An orc (D:3)
  6 ball pythons
  6 bats
  2 endoplasms
  2 giant cockroaches
  10 goblins
  10 hobgoblins
  8 jackals
  A kobold (D:1)
  A quokka (D:2)
  2 frilled lizards
  4 rats
59 creatures vanquished.

Notes
Turn   | Place    | Note
-------+----------+-------------------------------------------
     0 | D:1      | qw the Gargoyle Hunter began the quest for the Orb.
     0 | D:1      | Reached XP level 1. HP: 12/12 MP: 1/1
     0 | D:1      | 0 ||| qw: Version: 0.2-a-29-g1fa15c8
     0 | D:1      | 0 ||| qw: Game counter: 5070
     0 | D:1      | 0 ||| qw: Always use a shield: true
     0 | D:1      | 0 ||| qw: God list: Okawaru
     0 | D:1      | 0 ||| qw: Allow faded altars: false
     0 | D:1      | 0 ||| qw: Do Orc after D:15 true
     0 | D:1      | 0 ||| qw: Do second Lair branch before Depths: true
     0 | D:1      | 0 ||| qw: Lair rune preference: random
     0 | D:1      | 0 ||| qw: Plans: Normal, Zot:1-4, Slime:5, God:TSO, Crypt,
                  | Tomb, Abyss, Pan, Hells, Win
     0 | D:1      | 0 ||| PLANNING D:1-11
    74 | D:1      | Reached XP level 2. HP: 13/17 MP: 2/2
   330 | D:1      | Reached XP level 3. HP: 21/21 MP: 3/3
   367 | D:1      | Reached skill level 5 in Ranged Weapons
   667 | D:1      | 667 ||| UPGRADING to +0 helmet.
   672 | D:1      | 672 ||| READING 2 scrolls labelled NULYBE JUCA.
   677 | D:1      | 677 ||| DROPPING scroll of butterflies.
   952 | D:2      | Reached skill level 3 in Fighting
   977 | D:2      | Reached XP level 4. HP: 28/28 MP: 4/4
  1296 | D:2      | 1296 ||| UPGRADING to +0 ring mail.
  1306 | D:2      | 1306 ||| DROPPING +0 leather armour.
  1307 | D:2      | 1307 ||| READING scroll labelled ZIJASS BAMOOW.
  1395 | D:3      | Noticed Robin
  1397 | D:3      | HP: 7/28 [hobgoblin[Robin] (2)]
  1398 | D:3      | 1398 ||| READING scroll of teleportation.
  1502 | D:3      | Noticed Jessica
  1511 | D:3      | Killed Jessica
  1512 | D:3      | Reached skill level 1 in Armour
  1557 | D:3      | Found Geesh's Weapon Emporium.
  1593 | D:3      | Identified the ring "Urass" {rPois Will- MP+9 Int+6 Dex+2}
  1681 | D:3      | Killed Robin
  1682 | D:3      | Reached XP level 5. HP: 16/32 MP: 5/5
  1787 | D:3      | Found a faded altar of an unknown god.
  1811 | D:3      | Noticed an ogre
  1819 | D:3      | Mangled by an ogre

Levels and vault maps discovered:
D:1:      minmay_arrival_stone_box, layout_loops_ring
D:2:      layout_basic
D:3:      cheibrodos_pilgrimage, layout_basic, serial_shops, shop,
          ebering_ecumenical_altar_webs, minmay_door_square, uniq_natasha,
          uniq_jessica, uniq_robin, uniq_grinder

Skill      XL: |  1  2  3  4 |
---------------+-------------+-----
Ranged Weapons | 5 |  5.4
Fighting       | 3 |  3.2
Armour         | 1 |  1.9
Dodging        | |  1.5
Stealth        | |  1.1

Action                     |  1- 3 |  4- 6 || total
---------------------------+-------+-------++-------
   Fire: Shortbow          |   112 |   116 ||   228
    Use: Scroll            |     1 |     2 ||     3
 Armour: Leather armour    |    19 |     2 ||    21
         Ring mail         |       |    75 ||    75
  Dodge: Dodged            |    35 |    95 ||   130

Table legend:
 A = Non-vault XP
 B = Vault XP
 C = Vault XP percentage of total XP
 D = Non-vault monster count
 E = Vault monster count
 F = Vault count percentage of total count
                 A         B        C        D         E       F
            +---------+---------+-------+---------+---------+-------
      Total |     109 |      71 |  39.4 |      47 |      12 |  20.3
            +---------+---------+-------+---------+---------+-------
        D:1 |      41 |       0 |   0.0 |      23 |       0 |   0.0
        D:2 |      48 |       0 |   0.0 |      15 |       0 |   0.0
        D:3 |      20 |      71 |  78.0 |       9 |      12 |  57.1
            +---------+---------+-------+---------+---------+-------
